 Dungeon Crawl Stone Soup version 0.31-a0-716-gc7603755dd (webtiles) character file.

Game seed: 4116715729971780306

140 Essalna the Conjurer (level 5, 35/35 HPs)
             Began as a Demonspawn Conjurer on Sept 10, 2023.
             Got out of the dungeon alive.
             The game lasted 00:02:58 (3026 turns).

Essalna the Conjurer (Demonspawn Conjurer)          Turns: 3026, Time: 00:02:58

Health: 35/35      AC:  3    Str:  8    XL:     5   Next: 2%
Magic:  10/10      EV: 12    Int: 21    God:
Gold:   122        SH:  0    Dex: 11    Spells: 8/11 levels left

rFire   . . .        d - +0 club
rCold   . . .        (no shield)
rNeg    . . .        a - +0 robe
rPois   .            (no helmet)
rElec   .            (no cloak)
rCorr   .            e - +0 pair of gloves
SInv    .            (no boots)
Will    .....        g - amulet of the acrobat
Stlth   ++           (no ring)
HPRegen 0.25/turn    (no ring)
MPRegen 0.12/turn

%: acrobat
@: no status effects
A: foul stench 2
a: no special abilities


You escaped.
You visited 1 branch of the dungeon, and saw 3 of its levels.

You collected 122 gold pieces.

Inventory:

Hand Weapons
 d - a +0 club (weapon)
Armour
 a - a +0 robe (worn)
 e - a +0 pair of gloves (worn)
Jewellery
 g - an amulet of the acrobat (around neck)
Wands
 n - a wand of paralysis (6)
Scrolls
 b - a scroll of fear {unknown}
 c - 4 scrolls of teleportation {unknown}
 i - 4 scrolls of identify {unknown}
 m - a scroll of fog {unknown}
Potions
 f - a potion of mutation {unknown}
 h - 2 potions of enlightenment {unknown}
 j - a potion of curing {unknown}
 k - a potion of resistance {unknown}
 l - a potion of haste {unknown}
 o - a potion of lignification {unknown}


   Skills:
 - Level 1.7 Dodging
 - Level 1.7 Stealth
 + Level 3.6 Spellcasting
 + Level 5.3 Conjurations


You had 8 spell levels left.
You knew the following spells:

 Your Spells              Type           Power      Damage    Failure   Level
a - Magic Dart            Conj           100%       1d8       1%          1
b - Searing Ray           Conj           52%        2d6       2%          2

Your spell library contained the following spells:

 Spells                   Type           Power      Damage    Failure   Level
 Dazzling Flash           Conj/Hex       30%        N/A       13%         3
 Ensorcelled Hibernation  Hex/Ice        6%         N/A       19%         2
 Jinxbite                 Hex            6%         N/A       19%         2
 Fulminant Prism          Conj/Hex       7%         3d7       38%         4
 Iskenderun's Mystic Bla  Conj/Tloc      15%        2d5       38%         4
 Anguish                  Hex/Necr       1%         N/A       77%         4


Dungeon Overview and Level Annotations

Branches:
Dungeon (3/15)

Altars:


Innate Abilities, Weirdness & Mutations

You sometimes emit foul miasma when damaged in melee.


Message History

The hobgoblin hits you.
You emit a cloud of foul miasma!
You barely miss the hobgoblin.
The hobgoblin is severely wounded.
The hobgoblin is engulfed in dark miasma.
The hobgoblin is poisoned.
The hobgoblin closely misses you.
You closely miss the hobgoblin.
The hobgoblin is severely wounded.
The hobgoblin is engulfed in dark miasma.
The hobgoblin looks even sicker.
The hobgoblin closely misses you.
You barely miss the hobgoblin.
The hobgoblin is almost dead.
You kill the hobgoblin!
No target in view!
No target in view!
No target in view!
No target in view!
No target in view!
No target in view!
No target in view!
No target in view!
No target in view!
HP restored.
You see here a +0 sling.
Key pressed, stopping explore.
Key pressed, stopping explore.
Key pressed, stopping explore.
Key pressed, stopping explore.
Key pressed, stopping explore.
There is a stone staircase leading up here.
You climb upwards.
There is a stone staircase leading down here.
There is a stone staircase leading up here.
You climb upwards.
There is a stone staircase leading down here.
There is an open door here.
You open the door.
There is an open door here.
There is an open door here.
There is a staircase leading out of the dungeon here.
You have escaped!

#.#.##....#.##.#######........
####.#.##....#...................
#....#.##....###'#............###
#.####.##....# #.##...........#
#.# #.##....# #'##...........#
#.# #.##.#### #.####...#.....# #
#.# #....# ##'## ###.#.##### #
#.####....#####...#####.#.# #
#.........'.'.'.@.'.'.'.#.# #
#######...#####...#####.#.# #
#...# ##'##.....#.### # #...#
#.##.##.##...##### ##.##
#+##.##......##... #####.#####
#.##.......#.##...
#.........###'#####.####.##...
#..........##[...........##...
#..........###.#####..##......


There were no monsters in sight!

Vanquished Creatures
  Natasha (D:3)
  4 adders
  2 gnolls (D:1)
  A worm (D:2)
  A dart slug (D:1)
  2 orcs (D:3)
  3 ball pythons
  5 endoplasms
  2 giant cockroaches
  4 goblins (D:1)
  5 hobgoblins
  2 jackals (D:3)
  2 kobolds
  4 quokkas
  6 bats
  3 frilled lizards (D:2)
  6 rats
53 creatures vanquished.

Notes
Turn   | Place    | Note
-------+----------+-------------------------------------------
     0 | D:1      | Essalna the Demonspawn Conjurer began the quest for the
                  | Orb.
     0 | D:1      | Reached XP level 1. HP: 13/13 MP: 3/3
   201 | D:1      | Gained mutation: You may rarely emit foul miasma when
                  | damaged in melee. [demonic ancestry]
   201 | D:1      | Reached XP level 2. HP: 19/19 MP: 3/5
   453 | D:1      | Learned a level 2 spell: Searing Ray
   545 | D:1      | Reached XP level 3. HP: 24/24 MP: 0/7
  1244 | D:2      | Found a faded altar of an unknown god.
  1524 | D:2      | Reached XP level 4. HP: 18/30 MP: 4/8
  2110 | D:2      | Reached skill level 5 in Conjurations
  2704 | D:3      | Noticed Natasha
  2708 | D:3      | Killed Natasha
  2709 | D:3      | Gained mutation: You sometimes emit foul miasma when
                  | damaged in melee. [demonic ancestry]
  2709 | D:3      | Reached XP level 5. HP: 30/35 MP: 5/10
  3026 | D:$      | Got out of the dungeon alive.

Illustrated notes

Levels and vault maps discovered:
D:1:      minmay_arrival_doors, layout_basic
D:2:      layout_basic, chequers_ecumenical_altar_simple_redux
D:3:      layout_basic, minmay_quantized, uniq_natasha

Skill      XL: |  1  2  3  4 |
---------------+-------------+-----
Spellcasting   | 3 |  3.6
Conjurations   | 5 |  5.3
Dodging        | |  1.7
Stealth        | |  1.7

Action                     |  1- 3 |  4- 6 || total
---------------------------+-------+-------++-------
  Melee: Club              |    10 |     4 ||    14
         Unarmed           |     9 |       ||     9
   Cast: Magic Dart        |    68 |    43 ||   111
         Searing Ray       |     1 |       ||     1
    Use: Potion            |     1 |       ||     1
 Armour: Robe              |    15 |    16 ||    31
  Dodge: Dodged            |    28 |   107 ||   135

Table legend: (Time is in decaauts)
 A = Elapsed time spent in this place.
 B = Non-inter-level travel time spent in this place.
 C = Inter-level travel time spent in this place.
 D = Time resting spent in this place.
 E = Time spent auto-exploring this place.
 F = Levels seen in this place.
 G = Mean time per level.
                   A        B        C        D        E       F      G
               +--------+--------+--------+--------+--------+-----+--------+
         Total |   3030 |   2959 |     71 |      0 |   2563 |   3 | 1010.0 |
       Dungeon |   3030 |   2959 |     71 |      0 |   2563 |   3 | 1010.0 |
               +--------+--------+--------+--------+--------+-----+--------+

Top non-repeatable levels by time:
     D:2: 1153 daAuts
     D:1: 1079 daAuts
     D:3: 797 daAuts
